 Dungeon Crawl Stone Soup version 0.18.1-8-gdd0e5ea (webtiles) character file.

107 Flavorfulsole the Chopper (level 4, -1/39 HPs)
             Began as a Minotaur Berserker on May 29, 2016.
             Was a Believer of Trog.
             Killed by divine providence
             ... invoked by an orc priest
              (12 damage)
             ... on level 3 of the Dungeon.
             The game lasted 00:04:40 (1603 turns).

Flavorfulsole the Chopper (Minotaur Berserker)      Turns: 1603, Time: 00:04:42

Health: -1/39      AC:  2    Str: 21 (22) XL:     4   Next: 56%
Magic:  3/3        EV: 12    Int:  4      God:    Trog [**....]
Gold:   85         SH:  0    Dex: 10      Spells: 0 memorised, 3 levels left

rFire  . . .     SeeInvis .     a - +0 hand axe
rCold  . . .     Gourm    .     b - +0 animal skin
rNeg   . . .     Faith    .     (no shield)
rPois  .         Spirit   .     (helmet restricted)
rElec  .         Dismiss  .     (no cloak)
rCorr  .         Reflect  .     (no gloves)
SustAt .         Harm     .     (no boots)
MR     .....                    (no amulet)
Stlth  +.........               (no ring)
                                (no ring)

@: not resistant to hostile enchantments, very unstealthy
A: retaliatory headbutt, horns 2
a: Berserk, Trog's Hand, Burn Spellbooks, Renounce Religion


You were on level 3 of the Dungeon.
You worshipped Trog.
Trog was pleased with you.
You were not hungry.

You visited 1 branch of the dungeon, and saw 3 of its levels.

You collected 85 gold pieces.

Inventory:

Hand Weapons
 a - a +0 hand axe (weapon)
 f - a +2 club
Armour
 b - a +0 animal skin (worn)
Scrolls
 d - 2 scrolls of identify
 e - a scroll of remove curse
 g - a scroll of immolation {unknown}
 h - a scroll of amnesia {unknown}
 j - a scroll of fear {unknown}
Potions
 k - a potion of agility {unknown}
Comestibles
 c - a bread ration
 i - a beef jerky


   Skills:
 - Level 3.6 Fighting
 + Level 6.5 Axes
 - Level 2.4 Armour
 - Level 2.1 Dodging


You had 3 spell levels left.
You didn't know any spells.

Dungeon Overview and Level Annotations

Branches:
Dungeon (3/15)

Altars:
Gozag
Zin


Innate Abilities, Weirdness & Mutations

You reflexively headbutt those who attack you in melee.
You have a pair of horns on your head.


Message History

An orc priest is nearby!
The orc priest mumbles some strange prayers to Beogh against you.
Beogh smites you!
An orc priest comes into view.
The orc priest shouts! x2
The orc priest closely misses you.
The orc priest looks braver for a moment.
An orc comes into view. It is wielding a trident of venom.
The orc shouts!
You hit the orc priest but do no damage.
The orc priest misses you. You furiously retaliate!
You headbutt the orc priest!
The orc shouts!
You hit the orc priest but do no damage.
The orc priest is severely wounded.
The orc priest hits you with a flail.
* * * LOW HITPOINT WARNING * * *
The orc priest mumbles some strange prayers to Beogh against you.
Beogh smites you!
You die... #.# #... #.# #.## # ##.## #.# .. #...# #.## o.o

#...#####.## ....
#..........# .o.o.
#####.†.####...#
......###...............
......o@................
.....####...............
.#. #####..........#
#...####...# #...# ##.##
#...# #.## #.## #...
...### #


You could see 3 orc priests and 2 orcs.

Vanquished Creatures
  Terence (D:2)
  Jessica (D:2)
  An adder (D:2)
  2 worms
  A dart slug (D:1)
  3 giant geckos
  7 bats
  2 giant cockroaches
  4 hobgoblins
  4 kobolds
  2 quokkas
  3 giant newts
  2 goblins
  4 rats
37 creatures vanquished.

Notes
Turn   | Place    | Note
--------------------------------------------------------------
     0 | D:1      | Flavorfulsole the Minotaur Berserker began the quest for the Orb.
     0 | D:1      | Reached XP level 1. HP: 19/19 MP: 0/0
   148 | D:1      | Reached skill level 4 in Axes
   258 | D:1      | Reached XP level 2. HP: 19/26 MP: 1/1
   703 | D:2      | Noticed Jessica
   708 | D:2      | Killed Jessica
   708 | D:2      | Reached skill level 5 in Axes
   708 | D:2      | Reached XP level 3. HP: 31/31 MP: 2/2
   756 | D:2      | Reached ** piety under Trog
  1122 | D:2      | Reached XP level 4. HP: 27/39 MP: 3/3
  1183 | D:2      | Found a glowing silver altar of Zin.
  1184 | D:2      | Found an opulent altar of Gozag.
  1225 | D:2      | Noticed Terence
  1235 | D:2      | Killed Terence
  1235 | D:2      | Reached skill level 6 in Axes
  1603 | D:3      | Killed from afar by an orc priest

Skill      XL: |  1  2  3  4 |
---------------+-------------+-----
Axes           | 4 5 6 |  6.5
Fighting       | |  3.6
Armour         | |  2.4
Dodging        | |  2.1

Action                   |  1- 3 |  4- 6 || total
-------------------------+-------+-------++-------
Melee: Hand axe          |    64 |    28 ||    92
       Headbutt          |     8 |     5 ||    13
  Use: Potion            |     3 |       ||     3
       Scroll            |     4 |       ||     4
  Eat: Meat ration       |       |     1 ||     1
Armor: Animal skin       |    18 |     4 ||    22
Dodge: Dodged            |    49 |    22 ||    71
